 Dungeon Crawl Stone Soup version 0.23.2-1-ga50397a6bc (webtiles) character file.

Game seed: 7925359752004964839

3220 Cykl0x the Cleaver (level 10, -2/77 HPs)
             Began as a Formicid Fighter on May 19, 2019.
             Was a Follower of Makhleb.
             Slain by Joseph
             ... wielding a +0 quarterstaff
              (12 damage)
             ... on level 7 of the Dungeon.
             The game lasted 00:14:52 (6237 turns).

Cykl0x the Cleaver (Formicid Fighter)               Turns: 6237, Time: 00:14:52

Health: -2/77      AC: 12    Str: 22 (24) XL:     10   Next: 17%
Magic:  10/10      EV:  7    Int:  5 (8)  God:    Makhleb [*.....]
Gold:   431        SH: 12    Dex:  9 (10) Spells: 9/9 levels left

rFire    . . .     SeeInvis +   a - +0 war axe
rCold    . . .     Gourm    .   c - +1 shield
rNeg     . . .     Faith    .   x - +0 plate armour
rPois    .         Spirit   .   (helmet unavailable)
rElec    .         Reflect  .   (no cloak)
rCorr    .         Harm     .   (no gloves)
MR       +....                  (no boots)
Stlth    ..........             q - amulet of magic regeneration
HPRegen  0.22/turn              (no ring)
MPRegen  0.37/turn              (no ring)

@: flying, studying Bows
A: permanent stasis, dig shafts and tunnels, four strong arms, antennae 3
a: Dig, Shaft Self, Renounce Religion


You were on level 7 of the Dungeon.
You worshipped Makhleb.
Makhleb was aware of your devotion.
You were very hungry.

You visited 2 branches of the dungeon, and saw 8 of its levels.

You collected 431 gold pieces.

Inventory:

Hand Weapons
 a - a +0 war axe (weapon)
Missiles
 m - 4 tomahawks
 r - 3 tomahawks of returning (quivered)
 s - a javelin of returning
Armour
 c - a +1 shield (worn)
 x - a +0 plate armour (worn)
Jewellery
 q - an amulet of magic regeneration (around neck)
 v - an uncursed ring of protection from cold {unknown}
Wands
 h - a wand of random effects (11)
 l - a wand of flame (1)
 p - a wand of iceblast (19)
Scrolls
 j - 2 scrolls of enchant armour
 o - a scroll of immolation
 u - 6 scrolls of remove curse
 y - a scroll of identify
Potions
 e - 2 potions of magic
 n - a potion of ambrosia
Books
 i - a manual of Bows
Comestibles
 f - 15 rations


   Skills:
 + Level 6.6 Fighting
 + Level 9.1 Axes
 + Level 2.5 Throwing
 + Level 6.2 Armour
 + Level 2.5 Dodging
 + Level 1.1 Stealth
 + Level 8.1 Shields


You had 9 spell levels left.
You didn't know any spells.
Your spell library contained the following spells:

 Spells                   Type           Power        Failure   Level  Hunger
 Confusing Touch          Hex            #.....       100%        1    ##.....
 Magic Dart               Conj           #...         100%        1    ##.....
 Summon Small Mammal      Summ           #...         100%        1    ##.....
 Call Imp                 Summ           #.......     100%        2    ###....
 Slow                     Hex            #.......     100%        2    ###....
 Call Canine Familiar     Summ           #.......     100%        3    ####...
 Confuse                  Hex            #.......     100%        3    ####...
 Conjure Flame            Conj/Fire      #.......     100%        3    ####...
 Gell's Gravitas          Tloc           #.........   100%        3    ####...
 Mephitic Cloud           Conj/Pois/Air  #.......     100%        3    ####...
 Summon Guardian Golem    Hex/Summ       #.......     100%        3    ####...
 Petrify                  Tmut/Erth      #.......     100%        4    #####..
 Summon Ice Beast         Ice/Summ       #.......     100%        4    #####..
 Summon Lightning Spire   Summ/Air       #.......     100%        4    #####..
 Bolt of Magma            Conj/Fire/Erth #.........   100%        5    ######.
 Iskenderun's Battlesphe  Conj/Chrm      #.......     100%        5    ######.
 Metabolic Englaciation   Hex/Ice        #.........   100%        5    ######.
 Venom Bolt               Conj/Pois      #.........   100%        5    ######.
 Yara's Violent Unravell  Hex/Tmut       #.........   100%        5    ######.
 Iron Shot                Conj/Erth      #.........   100%        6    #######
 Orb of Destruction       Conj           #.........   100%        7    #######
 Spellforged Servitor     Conj/Summ      #.........   100%        7    #######
 Blink                    Tloc           Unusable     N/A         2    N/A

Dungeon Overview and Level Annotations

Branches:
Dungeon (7/15)             Temple (1/1) D:5

Altars:
Ashenzari
Dithmenos
Elyvilon
Kikubaaqudgha
Makhleb
Nemelex Xobeh
Okawaru
Qazlal
Ru
Sif Muna
Uskayaw
Xom
Yredelemnul
Zin
The Shining One

Shops:
D:4 (

Annotations:
D:2 1 runed translucent door, Crazy Yiuf
D:7 Joseph


Innate Abilities, Weirdness & Mutations

You cannot be hasted, slowed, berserked, paralysed or teleported.
You can dig through walls and to a lower floor.
Your four strong arms can wield two-handed weapons with a shield.
You have a pair of large antennae on your head. (SInv)


Message History

You slash Joseph!
Joseph is severely wounded.
Joseph hits you but does no damage.
You completely miss Joseph.
Joseph is severely wounded.
It was a potion of flight.
You feel very buoyant.
You fly up into the air.
Joseph barely misses you.
You hit Joseph but do no damage.
Joseph is severely wounded.
Joseph completely misses you.
You closely miss Joseph.
Joseph is severely wounded.
Joseph hits you with a +0 quarterstaff!
* * * LOW HITPOINT WARNING * * *
You are feeling very hungry.
You closely miss Joseph.
Joseph is severely wounded.
Joseph hits you with a +0 quarterstaff!
You die...

.....### #oo.oZ...
.....# ... .........
...))##### ... #...{....
.....)...# #.. #........
.........# #.# #.#######
####.....# #.# #{{.....#
#..)..# #.###{#####.#
#.....# #.##@###....#
#.....###.###@##.####
#.....'...# ####.#
#.....###.######.#
#####(##.......#.#######
#....#####.#.......#
###### #...#####.# #.#.#
#.# ###.#####.#
#.......#


You could see Joseph.

Vanquished Creatures
  Pikel (D:5)
  Grinder (D:6)
  Sigmund (D:3)
  Eustachio (D:6)
  Menkaure (D:7)
  Duvessa (D:6)
  3 orc warriors
  A phantom (D:6)
  6 centaurs
  2 ogres
  A gnoll sergeant (D:7)
  Dowan (D:6)
  2 crimson imps
  A centaur zombie (D:5)
  3 orc priests
  5 hounds
  4 orc wizards
  A bullfrog skeleton (D:6)
  2 centaur skeletons (D:7)
  Jessica (D:2)
  Ijyb (D:5)
  Terence (D:2)
  2 iguanas
  2 worker ants
  A hound skeleton (D:7)
  4 gnolls
  6 adders
  A shadow imp (D:6)
  An adder zombie (D:6)
  An adder skeleton (D:4)
  A worm (D:3)
  A dart slug (D:1)
  2 leopard geckos
  21 orcs
  5 giant cockroaches
  4 goblins
  8 hobgoblins
  13 jackals
  4 quokkas
  4 bats
  4 frilled lizards
  A jackal skeleton (D:7)
  5 rats
132 creatures vanquished.

Vanquished Creatures (others)
  A worker ant (D:6)
  An adder (D:6)
  A jackal (D:6)
  A quokka (D:6)
4 creatures vanquished.

Grand Total: 136 creatures vanquished

Notes
Turn   | Place    | Note
-------+----------+-------------------------------------------
     0 | D:1      | Cykl0x the Formicid Fighter began the quest for the Orb.
     0 | D:1      | Reached XP level 1. HP: 18/18 MP: 1/1
    16 | D:1      | Reached XP level 2. HP: 20/24 MP: 2/2
   156 | D:1      | Reached XP level 3. HP: 22/30 MP: 3/3
   614 | D:2      | Noticed Terence
   627 | D:2      | Killed Terence
   627 | D:2      | Reached XP level 4. HP: 33/37 MP: 4/4
   715 | D:2      | Noticed Jessica
   716 | D:2      | Killed Jessica
   716 | D:2      | Reached skill level 3 in Axes
   878 | D:2      | Reached XP level 5. HP: 42/42 MP: 5/5
  1079 | D:2      | Found a runed translucent door.
  1080 | D:2      | Noticed Crazy Yiuf
  1275 | D:2      | Found a shimmering altar of Xom.
  1556 | D:3      | Noticed Sigmund
  1563 | D:3      | Killed Sigmund
  1563 | D:3      | Reached skill level 4 in Axes
  1563 | D:3      | Reached XP level 6. HP: 38/48 MP: 6/6
  2532 | D:4      | Reached XP level 7. HP: 55/55 MP: 7/7
  2569 | D:4      | Found a shadowy altar of Dithmenos.
  2612 | D:4      | Reached skill level 5 in Axes
  2681 | D:4      | Found Oxisti's Antique Weapon Emporium.
  3226 | D:5      | Entered Level 5 of the Dungeon
  3252 | D:5      | Reached skill level 1 in Throwing
  3252 | D:5      | Reached skill level 5 in Shields
  3294 | D:5      | Noticed Ijyb
  3315 | D:5      | Killed Ijyb
  3315 | D:5      | Reached skill level 1 in Dodging
  3540 | D:5      | Reached XP level 8. HP: 11/61 MP: 8/8
  3899 | D:5      | Reached skill level 5 in Fighting
  3972 | D:5      | Found a staircase to the Ecumenical Temple.
  3987 | Temple   | Entered the Ecumenical Temple
  4011 | Temple   | Became a worshipper of Makhleb the Destroyer
  4294 | D:6      | Reached skill level 6 in Axes
  4295 | D:6      | Noticed Pikel
  4333 | D:5      | HP: 2/62 [Pikel/+2 whip of electrocution (11)]
  4340 | D:5      | Killed Pikel
  4340 | D:5      | Reached skill level 5 in Armour
  4340 | D:5      | Reached XP level 9. HP: 12/68 MP: 9/9
  4668 | D:6      | Reached skill level 7 in Axes
  4668 | D:6      | Reached skill level 1 in Stealth
  4702 | D:6      | Noticed Eustachio
  4748 | D:6      | Killed Eustachio
  4840 | D:6      | Found a glowing golden altar of the Shining One.
  4912 | D:6      | Noticed Grinder
  4924 | D:6      | Killed Grinder
  5577 | D:6      | Noticed Duvessa
  5585 | D:6      | Noticed Dowan
  5588 | D:6      | Reached * piety under Makhleb
  5588 | D:6      | Reached skill level 8 in Axes
  5603 | D:6      | Killed Duvessa
  5612 | D:6      | Killed Dowan
  5737 | D:7      | Reached XP level 10. HP: 45/77 MP: 10/10
  6199 | D:7      | Reached skill level 9 in Axes
  6209 | D:7      | Noticed Joseph
  6209 | D:7      | Noticed Menkaure
  6216 | D:7      | Killed Menkaure
  6237 | D:7      | Slain by Joseph

Skill      XL: |  1  2  3  4  5  6  7  8  9 10 |
---------------+-------------------------------+-----
Shields        | 4 5 6 7 8 |  8.1
Armour         | 4 5 6 |  6.2
Axes           | 3 4 5 6 8 9 |  9.1
Fighting       | 4 5 6 |  6.6
Throwing       | 1 2 |  2.5
Dodging        | 1 2 |  2.5
Stealth        | 1 |  1.1

Action                   |  1- 3 |  4- 6 |  7- 9 | 10-12 || total
-------------------------+-------+-------+-------+-------++-------
Melee: War axe           |    60 |    98 |   355 |    79 ||   592
Throw: Javelin           |       |    12 |     2 |       ||    14
       Tomahawk          |       |     1 |    36 |     6 ||    43
 Abil: Dig               |       |     1 |       |     1 ||     2
  Use: Scroll            |     4 |     5 |     3 |       ||    12
       Potion            |       |     1 |     5 |     3 ||     9
  Eat: Chunk             |       |     6 |     7 |     1 ||    14
       Ration            |       |       |     1 |       ||     1
Armor: Scale mail        |    16 |    33 |    67 |       ||   116
       Chain mail        |       |       |    55 |       ||    55
       Plate armour      |       |       |    20 |    23 ||    43
Dodge: Dodged            |    19 |    30 |   121 |     9 ||   179
Block: Shield            |    37 |    63 |   238 |    33 ||   371
